 Dungeon Crawl Stone Soup version 0.22-a0-618-gd6a3efe1fc (webtiles) character file.

95 Kholdaimon the Grave Robber (level 4, -1/33 HPs)
             Began as a Mummy Necromancer on July 13, 2018.
             Slain by a vampire bat (3 damage)
             ... on level 2 of the Dungeon.
             The game lasted 00:12:10 (1892 turns).

Kholdaimon the Grave Robber (Mummy Necromancer)     Turns: 1892, Time: 00:12:11

Health: -1/33      AC:  2    Str: 11    XL:     4   Next: 39%
Magic:  8/8        EV: 12    Int: 15    God:
Gold:   97         SH:  0    Dex: 12    Spells: 4/9 levels left

rFire    x . .     SeeInvis .   i - +0 spear
rCold    + . .     Gourm    .   (no shield)
rNeg     + + +     Faith    .   a - +0 robe
rPois    ∞         Spirit   .   (no helmet)
rElec    .         Reflect  .   (no cloak)
rCorr    .         Harm     .   (no gloves)
MR       .....                  (no boots)
Stlth    ++........             (no amulet)
HPRegen  0.11/turn              (no ring)
MPRegen  0.11/turn              (no ring)

@: no status effects
A: no food or potions, fire vulnerability, cold resistance 1, negative energy
resistance 3, torment resistance, unbreathing
a: no special abilities


You were on level 2 of the Dungeon.
You were not hungry.

You visited 1 branch of the dungeon, and saw 2 of its levels.

You collected 97 gold pieces.

Inventory:

Hand Weapons
 c - a +0 dagger
 g - a +1 short sword of protection
 i - a +0 spear (weapon)
Armour
 a - a +0 robe (worn)
 b - a cursed +0 scale mail
 h - a +2 pair of gloves
 k - a +0 leather armour
Jewellery
 e - an uncursed ring of resist corrosion {unknown}
 f - an uncursed ring of protection from cold {unknown}
Scrolls
 d - a scroll of identify {unknown}
 j - a scroll of fear {unknown}
 l - a scroll of enchant armour {unknown}


   Skills:
 + Level 2.0 Fighting
 + Level 2.4 Dodging
 - Level 1.5 Stealth
 - Level 3.0 Spellcasting
 + Level 4.7 Necromancy


You had 4 spell levels left.
You knew the following spells:

 Your Spells              Type           Power        Failure   Level  Hunger
a - Pain                  Necr           ###.         3%          1    N/A
b - Animate Skeleton      Necr           N/A          3%          1    N/A
c - Vampiric Draining     Necr           ###.......   9%          3    N/A

Your spell library contained the following spells:

 Spells                   Type           Power        Failure   Level  Hunger
 Animate Dead             Necr           N/A          28%         4    N/A
 Regeneration             Chrm/Necr      #.........   22%         3    N/A

Dungeon Overview and Level Annotations

Branches:
Dungeon (2/15)

Altars:
Kikubaaqudgha


Innate Abilities, Weirdness & Mutations

You do not eat or drink.
Your flesh is vulnerable to fire.
You are immune to poison.
Your flesh is cold resistant. (rC+)
You are immune to negative energy. (rN+++)
You are immune to unholy pain and torment.
You can survive without breathing.


Message History

The vampire bat bites you.
* * * LOW HITPOINT WARNING * * *
The vampire bat barely misses you. The vampire bat completely misses you.
The vampire bat closely misses you. The vampire bat completely misses you.
The vampire bat closely misses you. The vampire bat closely misses you.
The vampire bat bites you but does no damage.
The vampire bat closely misses you. The vampire bat completely misses you.
The vampire bat barely misses you. The vampire bat barely misses you.
The vampire bat bites you but does no damage.
There is an open gate here.
The vampire bat completely misses you.
The vampire bat bites you but does no damage.
The vampire bat bites you.
* * * LOW HITPOINT WARNING * * *
The vampire bat bites you.
* * * LOW HITPOINT WARNING * * *
The vampire bat misses you. The vampire bat bites you.
You die...

#........# #....... #........#
######.# ##########
############.. .#.#####
#.........###. .⌠.#.⌠.#...#
#......%...... #.#.#.#.#.#.##
#..........%.. %#.⌠.#.⌠.#.⌠.###
#.............
⌠.#.#.#.#.#..'.#####.............
...#.⌠.#.⌠.#.'bb@............####
⌠.#.#.#.#.#..'.#####.........#
.#)bb#.⌠.#.⌠.### #.........#
#b#.#.#.#.#.## ###########
.⌠.#.⌠.#...## #.#.#.######
#######


You could see 2 vampire bats.

Vanquished Creatures
  4 gnolls
  An ooze (D:1)
  3 dart slugs
  A leopard gecko (D:2)
  2 bats
  A bat skeleton (D:2)
  A bat zombie (D:2)
  A giant cockroach (D:1)
  3 goblins
  3 hobgoblins (D:1)
  6 frilled lizards
  4 kobolds
  7 rats
37 creatures vanquished.

Vanquished Creatures (collateral kills)
  3 dart slugs
  A bat (D:1)
  A bat skeleton (D:2)
  2 bat zombies (D:2)
  A hobgoblin (D:1)
  A frilled lizard (D:1)
  A goblin (D:1)
10 creatures vanquished.

Grand Total: 47 creatures vanquished

Notes
Turn   | Place    | Note
-------+----------+-------------------------------------------
     0 | D:1      | Kholdaimon the Mummy Necromancer began the quest for the Orb.
     0 | D:1      | Reached XP level 1. HP: 13/13 MP: 4/4
    20 | D:1      | Learned a level 1 spell: Animate Skeleton
   124 | D:1      | Reached XP level 2. HP: 20/20 MP: 2/5
   500 | D:1      | Reached skill level 1 in Fighting
   795 | D:1      | Reached XP level 3. HP: 26/26 MP: 2/7
   800 | D:1      | Learned a level 3 spell: Vampiric Draining
  1382 | D:2      | Reached XP level 4. HP: 23/33 MP: 1/8
  1862 | D:2      | Found an ancient bone altar of Kikubaaqudgha.
  1891 | D:2      | HP: 1/33 [vampire bat (1)]
  1892 | D:2      | Slain by a vampire bat

Vault maps used:
D:1:      dpeg_arrival_court, minmay_misc_feat_tower, st_stairs_6,
          minmay_tromino_i2
D:2:      kennysheep_vampire_church

Skill      XL: |  1  2  3  4 |
---------------+-------------+-----
Spellcasting   | 3 |  3.0
Fighting       | 1 2 |  2.0
Dodging        | 2 |  2.4
Stealth        | |  1.5
Necromancy     | |  4.7

Action                   |  1- 3 |  4- 6 || total
-------------------------+-------+-------++-------
Melee: Dagger            |    25 |       ||    25
       Spear             |       |    28 ||    28
 Cast: Pain              |    54 |    17 ||    71
       Animate Skeleton  |    12 |     7 ||    19
 Stab: Sleeping          |     1 |     1 ||     2
       Distracted        |       |     1 ||     1
Armor: Robe              |     5 |    15 ||    20
Dodge: Dodged            |    42 |    56 ||    98

Table legend:
 A = Spawn XP
 B = Non-spawn XP
 C = Spawn XP percentage of total XP
 D = Spawn monster count
 E = Non-spawn monster count
 F = Spawn count percentage of total count
 G = Total turns spent on level
                    A         B        C        D         E        F      G
               +---------+---------+-------+---------+---------+-------+---------
         Total |       0 |     136 |   0.0 |       0 |      47 |   0.0 |  1892
               +---------+---------+-------+---------+---------+-------+---------
           D:1 |       0 |      61 |   0.0 |       0 |      25 |   0.0 |  1292
           D:2 |       0 |      75 |   0.0 |       0 |      22 |   0.0 |   600
               +---------+---------+-------+---------+---------+-------+---------
